[Event "Titled Tuesday Blitz July 25 Early 2023"]
[White "Joshi, Pankaj"]
[Black "Semenova, Alina"]
[WhiteFideId "5006210"]
[BlackFideId "24113875"]
[WhiteElo "2225"]
[BlackElo "2081"]
[Result "1-0"]
[Round "7"]
[TimeControl "180+2"]
[Date "2023.07.25"]
[WhiteClock "0:01:29"]
[BlackClock "0:00:00"]
[Board "198"]

1. e4 e6 2. d4 d5 3. e5 c5 4. c3 Nc6 5. Nf3 Qb6 6. a3 Nh6 7. Bd3 cxd4 8. cxd4 Nf5 9. Bxf5 exf5 10. O-O Be7 11. Nc3 Be6 12. b4 O-O 13. Bg5 Bxg5 14. Nxg5 h6 15. Nf3 Rac8 16. Na4 Qc7 17. Rc1 Qe7 18. Qd3 g5 19. Rc3 a6 20. Rfc1 g4 21. Nd2 f4 22. Nc5 Kg7 23. Nf1 h5 24. Qd2 Qg5 25. Ng3 h4 26. Qxf4 Qxf4 27. Nh5+ Kg6 28. Nxf4+ Kf5 29. Nfxe6 fxe6 30. Nxb7 Ne7 31. Nd6+ 1-0


[Site "https://www.chess.com"]

[Event "Titled Tuesday Blitz July 25 Early 2023"]
[White "Kuchava, Ana"]
[Black "Winkels, Marcel"]
[WhiteFideId "13605348"]
[BlackFideId "1003887"]
[WhiteElo "2215"]
[BlackElo "2055"]
[Result "1-0"]
[Round "7"]
[TimeControl "180+2"]
[Date "2023.07.25"]
[WhiteClock "0:00:29"]
[BlackClock "0:00:00"]
[Board "199"]

1. d4 Nf6 2. Nf3 g6 3. c4 Bg7 4. Nc3 d5 5. Bg5 O-O 6. Bxf6 Bxf6 7. Nxd5 Bg7 8. e3 c5 9. Be2 Nc6 10. O-O e6 11. Nc3 cxd4 12. exd4 Nxd4 13. Nxd4 Bxd4 14. Qb3 Qb6 15. Qxb6 Bxb6 16. Bf3 Rb8 17. Ne4 Bd4 18. Rab1 b6 19. Rfd1 Bg7 20. Nd6 Ba6 21. b4 Rbd8 22. c5 Be5 23. g3 Kg7 24. Rbc1 Rd7 25. b5 Bxd6 26. bxa6 bxc5 27. Rxc5 Bxc5 28. Rxd7 Rc8 29. Bb7 Re8 30. Kg2 Bb6 31. h4 1-0


[Site "https://www.chess.com"]

[Event "Titled Tuesday Blitz July 25 Early 2023"]
[White "Francisco_Ferrari"]
[Black "Goughfather"]
[WhiteElo "2177"]
[BlackElo "2048"]
[Result "1-0"]
[Round "7"]
[TimeControl "180+2"]
[Date "2023.07.25"]
[WhiteClock "0:00:13"]
[BlackClock "0:00:00"]
[Board "200"]

1. e4 c6 2. d4 d5 3. exd5 cxd5 4. Bd3 Nf6 5. Bf4 Bg4 6. Nf3 Nc6 7. c3 Qd7 8. Nbd2 e6 9. O-O Bd6 10. Bxd6 Qxd6 11. Re1 O-O 12. h3 Bh5 13. Nf1 Rab8 14. Ng3 Bg6 15. Bxg6 hxg6 16. Ne5 Qc7 17. Nf1 Nxe5 18. Rxe5 b5 19. a3 a5 20. Nd2 b4 21. cxb4 axb4 22. a4 Rfc8 23. Re2 Qc2 24. Nb3 Qxd1+ 25. Rxd1 Ne4 26. f3 Ng3 27. Ree1 Rc2 28. Rd2 Rc4 29. Nc5 Nf5 30. Red1 Nxd4 31. Nd7 Rb7 32. Rxd4 Rc2 33. Ne5 Rxb2 34. a5 Ra2 35. Nc6 b3 36. Rb1 b2 37. Rdd1 Rc7 38. Nd4 Rc4 39. Kf2 Rca4 40. Rd2 Rxa5 41. Rbxb2 1-0


[Site "https://www.chess.com"]

[Event "Titled Tuesday Blitz July 25 Early 2023"]
[White "Mikheeva, Galina"]
[Black "Jahnz, Fabian"]
[WhiteFideId "44108320"]
[BlackFideId "4653300"]
[WhiteElo "1957"]
[BlackElo "2173"]
[Result "1-0"]
[Round "7"]
[TimeControl "180+2"]
[Date "2023.07.25"]
[WhiteClock "0:00:11"]
[BlackClock "0:00:08"]
[Board "201"]

1. c4 c6 2. Nc3 Nf6 3. g3 d5 4. d3 dxc4 5. dxc4 Qxd1+ 6. Nxd1 g6 7. Bg2 Bg7 8. Bd2 O-O 9. Bc3 Be6 10. b3 Nbd7 11. Nb2 Nc5 12. Nd3 Nce4 13. Bb2 Rfd8 14. Nf3 a5 15. a4 Rab8 16. O-O b5 17. axb5 cxb5 18. Rxa5 bxc4 19. bxc4 Bxc4 20. Ba3 e6 21. Nfe5 Bxd3 22. Nxd3 Nd2 23. Rd1 Nc4 24. Ra7 Ra8 25. Rxa8 Rxa8 26. Bxa8 Nxa3 27. Ne5 Nd5 28. Bxd5 Bxe5 29. Bb3 Nb5 30. e3 Bf6 31. Kg2 Kg7 32. Rd7 Kf8 33. Kf3 h6 34. Bc4 Nc3 35. Rb7 Na4 36. Rb8+ Kg7 37. Rb7 Nc5 38. Rc7 Na4 39. Bxe6 Be5 40. Rxf7+ Kh8 41. Ra7 Nc5 42. Ra8+ Kg7 43. Bd5 Bf6 44. Ke2 Be5 45. f4 Bd6 46. e4 h5 47. e5 Bf8 48. Ke3 Be7 49. Ra7 Kf8 50. Kd4 g5 51. Ra8+ Kg7 52. Ra7 Kf8 53. Rxe7 Kxe7 54. Kxc5 gxf4 55. gxf4 h4 56. Kd4 1-0


[Site "https://www.chess.com"]

[Event "Titled Tuesday Blitz July 25 Early 2023"]
[White "Sailer, Mike"]
[Black "Lohani, Sujana"]
[WhiteFideId "2012901"]
[BlackFideId "12311987"]
[WhiteElo "2162"]
[BlackElo "1938"]
[Result "1-0"]
[Round "7"]
[TimeControl "180+2"]
[Date "2023.07.25"]
[WhiteClock "0:00:21"]
[BlackClock "0:00:00"]
[Board "202"]

1. d4 Nf6 2. Nc3 g6 3. e4 d6 4. Bg5 Bg7 5. e5 dxe5 6. dxe5 Qxd1+ 7. Rxd1 Ng4 8. h3 Nxe5 9. Nd5 O-O 10. Nxc7 Nbc6 11. Nxa8 Bf5 12. Nc7 Bxc2 13. Rc1 Be4 14. f3 Bf5 15. g4 Bd3 16. f4 Bxf1 17. Kxf1 Nd3 18. Rd1 Nxb2 19. Rd7 e6 20. Nf3 Nc4 21. Rh2 Nb6 22. Rd1 Rc8 23. Nb5 a6 24. Nd6 Rc7 25. Rc2 Rd7 26. Ke2 Nd5 27. Nxb7 1-0


[Site "https://www.chess.com"]

[Event "Titled Tuesday Blitz July 25 Early 2023"]
[White "Saim, Mohamed Ilias"]
[Black "Sanudula, K M Dahamdi"]
[WhiteFideId "7900465"]
[BlackFideId "9932470"]
[WhiteElo "1923"]
[BlackElo "2158"]
[Result "0-1"]
[Round "7"]
[TimeControl "180+2"]
[Date "2023.07.25"]
[WhiteClock "0:00:00"]
[BlackClock "0:00:11"]
[Board "203"]

1. c4 Nf6 2. g3 e6 3. Bg2 d5 4. Nf3 Be7 5. O-O O-O 6. Qc2 b6 7. cxd5 exd5 8. Nc3 Bb7 9. d4 Nbd7 10. Rd1 c5 11. dxc5 Nxc5 12. Nb5 a6 13. Nbd4 Rc8 14. Qf5 Nfe4 15. b4 g6 16. Qh3 Ne6 17. Nxe6 fxe6 18. Qxe6+ Kg7 19. Bb2+ Bf6 20. Bxf6+ Rxf6 21. Qe5 Qf8 22. a3 Re8 23. Qd4 Kg8 24. Rac1 Rfe6 25. Rc7 Nd6 26. e3 Nb5 27. Qxb6 Rxb6 28. Ng5 Re7 29. Rxb7 Rexb7 30. Bxd5+ Kg7 31. Bxb7 h6 32. Rd7+ Kg8 33. Bd5+ Kh8 34. Nf7+ Kg7 35. Nd8+ Kh8 36. Nf7+ Kg7 37. Nd8+ Kf6 38. Rf7+ Qxf7 39. Nxf7 Nc7 40. Bb3 Rc6 41. Nd8 Rc1+ 42. Kg2 Ke7 43. Nb7 Nb5 0-1


[Site "https://www.chess.com"]

[Event "Titled Tuesday Blitz July 25 Early 2023"]
[White "Cardenas Carbajal, Nilson"]
[Black "Zepeda Berlanga, Jan Enrique"]
[WhiteFideId "8401128"]
[BlackFideId "5132355"]
[WhiteElo "2155"]
[BlackElo "1851"]
[Result "1-0"]
[Round "7"]
[TimeControl "180+2"]
[Date "2023.07.25"]
[WhiteClock "0:00:13"]
[BlackClock "0:00:06"]
[Board "204"]

1. e4 c5 2. d4 cxd4 3. c3 d6 4. cxd4 Nf6 5. Nc3 Nc6 6. Nf3 Bg4 7. d5 Ne5 8. Nxe5 dxe5 9. Bb5+ Bd7 10. Bc4 Rc8 11. Bb3 e6 12. Bg5 Bb4 13. dxe6 Bxe6 14. Ba4+ Bd7 15. Bxf6 gxf6 16. Bb3 Rxc3 17. bxc3 Bxc3+ 18. Kf1 Bb5+ 19. Kg1 Bxa1 20. Qxa1 Qd4 21. Qc1 O-O 22. h4 Qxe4 23. Rh3 Kh8 24. Rg3 Bc6 25. Qh6 Rg8 26. Qxf6+ Rg7 27. Qxg7# 1-0


[Site "https://www.chess.com"]

[Event "Titled Tuesday Blitz July 25 Early 2023"]
[White "Ardila, Oscar Humberto"]
[Black "Navyblue1"]
[WhiteFideId "4404742"]
[WhiteElo "2228"]
[BlackElo "1915"]
[Result "1-0"]
[Round "7"]
[TimeControl "180+2"]
[Date "2023.07.25"]
[WhiteClock "0:01:16"]
[BlackClock "0:00:00"]
[Board "205"]

1. d4 Nf6 2. c4 g6 3. Nc3 Bg7 4. Nf3 O-O 5. e3 d5 6. b3 Bg4 7. Be2 dxc4 8. bxc4 c5 9. O-O Nc6 10. Bb2 cxd4 11. Nxd4 Bxe2 12. Ncxe2 Rc8 13. Qb3 Qc7 14. Nb5 Qb8 15. Rad1 a6 16. Nbd4 Qc7 17. Ba3 Na5 18. Qb4 Nxc4 19. Qxe7 Nxa3 20. Qxa3 Qc5 21. Qb3 b5 22. Rc1 Qb6 23. h3 Ne4 24. Qd5 Nd2 25. Rfd1 Nc4 26. a4 Rcd8 27. Qc6 Qxc6 28. Nxc6 Rde8 29. axb5 axb5 30. Rd5 Na3 31. Ned4 Bxd4 32. Nxd4 Rb8 33. Nc6 Rb7 34. Na5 Rb6 35. Rc7 b4 36. Nb3 Nb5 37. Rcc5 Nc3 38. Rd7 Rfb8 39. Rcc7 Rf8 40. g4 Ne4 41. h4 Nf6 42. Rd4 Ne8 43. Rcc4 1-0


[Site "https://www.chess.com"]

[Event "Titled Tuesday Blitz July 25 Early 2023"]
[White "Novikova, Margarita"]
[Black "KSho99"]
[WhiteFideId "14109689"]
[WhiteElo "2167"]
[BlackElo "2200"]
[Result "0-1"]
[Round "7"]
[TimeControl "180+2"]
[Date "2023.07.25"]
[WhiteClock "0:00:16"]
[BlackClock "0:00:06"]
[Board "206"]

1. e4 e6 2. d4 d5 3. Nd2 Be7 4. Ngf3 Nf6 5. e5 Nfd7 6. c3 c5 7. Bb5 O-O 8. O-O Nc6 9. a3 Qb6 10. Bxc6 bxc6 11. Re1 cxd4 12. cxd4 c5 13. Nf1 cxd4 14. Nxd4 a5 15. Kh1 Bc5 16. Be3 Nxe5 17. b4 axb4 18. axb4 Rxa1 19. Qxa1 Qxb4 20. Nc2 Qc4 21. Qxe5 Qxc2 22. Rc1 Qe2 23. Bxc5 Qxe5 24. Bxf8 Kxf8 25. Rxc8+ Ke7 26. Kg1 Qe1 27. g3 d4 28. Ra8 e5 29. Ra2 e4 30. Kg2 f5 31. h4 Qb4 32. Rd2 Ke6 33. Rd1 Ke5 34. Nd2 g6 35. Kf1 Qc3 36. Kg2 Qc2 0-1


[Site "https://www.chess.com"]

[Event "Titled Tuesday Blitz July 25 Early 2023"]
[White "Guevara Sanchez, Erick Marvin"]
[Black "Sariego Figueredo, Wilfredo"]
[WhiteFideId "6700136"]
[BlackFideId "3500080"]
[WhiteElo "2088"]
[BlackElo "2198"]
[Result "0-1"]
[Round "7"]
[TimeControl "180+2"]
[Date "2023.07.25"]
[WhiteClock "0:00:02"]
[BlackClock "0:00:36"]
[Board "207"]

1. e4 c5 2. d4 cxd4 3. c3 Nf6 4. e5 Nd5 5. cxd4 d6 6. f4 dxe5 7. fxe5 e6 8. Nf3 Bb4+ 9. Bd2 O-O 10. Bxb4 Nxb4 11. Nc3 N8c6 12. Be2 Nxd4 13. O-O Nxe2+ 14. Qxe2 Bd7 15. Rad1 Qb6+ 16. Kh1 Bc6 17. Ng5 h6 18. Nge4 Nd5 19. Nxd5 Bxd5 20. b3 Bxe4 21. Qxe4 Rfd8 22. Qf3 Qc7 23. Rc1 Qe7 24. h3 Rac8 25. Rxc8 Rxc8 26. Rd1 Rd8 27. Rxd8+ Qxd8 28. Qxb7 Qa5 29. Qc8+ Kh7 30. Qc2+ g6 31. Qe2 Qc3 32. Kh2 a5 33. Kh1 Qd4 34. Kh2 Qf4+ 35. Kh1 Qd4 36. Kh2 h5 37. Kh1 Kh6 38. Kh2 g5 39. Kh1 Kg6 40. Qc2+ Kh6 41. Qe2 h4 42. Kh2 Qf4+ 43. Kh1 Kg6 44. Qc2+ Qf5 45. Qe2 Qb1+ 46. Kh2 Qf5 47. Kh1 f6 48. exf6 Kxf6 49. a3 Qb1+ 50. Kh2 Qxb3 51. Qf2+ Kg6 52. Qf8 a4 53. Qg8+ Kf5 54. Qh7+ Ke5 55. Qg7+ Kf4 56. Qf6+ Ke4 57. Qxg5 Kd3 58. Qxh4 e5 59. Qe1 e4 60. h4 e3 61. h5 e2 62. h6 Qc2 63. h7 Qc7+ 64. Kg1 Qxh7 65. Qb1+ Kd2 66. Qxh7 e1=Q+ 67. Kh2 Qe5+ 68. Kg1 Qc5+ 69. Kh1 Qxa3 70. Qd7+ Kc2 71. Qf5+ Qd3 72. Qf2+ Kc1 73. Qc5+ Qc2 74. Qa3+ Kb1 75. Qb4+ Ka2 76. Qd4 a3 77. Qd5+ Ka1 78. Qd4+ Qb2 79. Qd1+ Qb1 80. Qxb1+ Kxb1 81. g4 a2 82. g5 a1=Q 83. g6 Qa8+ 84. Kh2 Qe4 85. g7 Qg6 0-1


[Site "https://www.chess.com"]

[Event "Titled Tuesday Blitz July 25 Early 2023"]
[White "Clawitter, Craig"]
[Black "Tica, Sven"]
[WhiteFideId "2023105"]
[BlackFideId "14526948"]
[WhiteElo "2290"]
[BlackElo "2745"]
[Result "0-1"]
[Round "7"]
[TimeControl "180+2"]
[Date "2023.07.25"]
[WhiteClock "0:00:00"]
[BlackClock "0:01:23"]
[Board "208"]

1. e4 g6 2. d4 Bg7 3. Nc3 a6 4. Be3 b5 5. Nf3 Bb7 6. Bd3 d6 7. a4 b4 8. Ne2 Nd7 9. Qd2 c5 10. c3 bxc3 11. bxc3 Ngf6 12. Ng3 h5 13. h4 Ng4 14. O-O O-O 15. Bc4 Rc8 16. Ba2 Ndf6 17. Ng5 Qa5 18. Rfc1 Nxe3 19. Qxe3 Ng4 20. Qf4 e6 21. Nxf7 Rxf7 22. Bxe6 Rf8 23. Qxd6 cxd4 24. cxd4 Qd2 25. Rc7 Qxf2+ 26. Kh1 Be5 27. Rxf7 Rxf7 28. Bxf7+ Kg7 29. dxe5 Qxf7 30. e6 Qf6 31. Rf1 Nf2+ 32. Kg1 Nxe4 0-1


[Site "https://www.chess.com"]

[Event "Titled Tuesday Blitz July 25 Early 2023"]
[White "Latreche, Khadidja"]
[Black "Voege, Tobias"]
[WhiteFideId "7901780"]
[BlackFideId "1270513"]
[WhiteElo "2119"]
[BlackElo "2599"]
[Result "0-1"]
[Round "7"]
[TimeControl "180+2"]
[Date "2023.07.25"]
[WhiteClock "0:00:00"]
[BlackClock "0:00:17"]
[Board "209"]

1. e4 e6 2. Qe2 b6 3. Nf3 Nf6 4. g3 Bb7 5. d3 Be7 6. Bg2 O-O 7. O-O d6 8. h4 c5 9. c3 b5 10. Na3 a6 11. Nc2 Nc6 12. Re1 Ne5 13. Nxe5 dxe5 14. Be3 Qc7 15. f3 Rfd8 16. Rad1 Rd7 17. Rd2 Rad8 18. Red1 c4 19. dxc4 bxc4 20. Rxd7 Rxd7 21. Rxd7 Nxd7 22. Bf1 Nb6 23. Kh2 h6 24. Na3 Bxa3 25. bxa3 Na4 26. Qxc4 Qxc4 27. Bxc4 Nxc3 28. Bc5 Na4 29. Bd6 Nb6 30. Bb3 a5 31. Bxe5 a4 32. Bc2 Bc6 33. Bd6 Nc4 34. Bb4 f6 35. Kg1 Kf7 36. Kf2 e5 37. Ke2 h5 38. f4 exf4 39. gxf4 Ke6 40. Kd3 Nb6 41. Kd4 Nd7 42. f5+ Kf7 43. Bd1 g6 44. Be2 Kg7 45. Bc4 Ne5 46. Be2 Kh6 47. Bd6 Nd7 48. Bc4 g5 49. Bg3 Kg7 50. Be6 gxh4 51. Bxh4 Ne5 52. Kc5 Bxe4 53. Kd6 Nf3 54. Bg3 h4 55. Bf4 h3 56. Bd7 Bc2 57. Bc6 Nd4 58. Bd5 Bxf5 59. Ke7 Ne2 60. Bh2 Nc3 61. Bc4 Nd1 62. Bb5 Bc2 63. Bf1 Bf5 64. Be2 Ne3 65. Bf4 Nc2 66. Bb5 Nxa3 67. Bxa4 Nc4 68. Bc6 Nb2 69. a4 Nd3 70. Bh2 Nc5 71. a5 Bd3 72. Bf3 Nb3 73. Bg4 Nxa5 74. Bxh3 Nc6+ 75. Ke6 Nd4+ 76. Kd5 Nf3 0-1


[Site "https://www.chess.com"]

[Event "Titled Tuesday Blitz July 25 Early 2023"]
[White "Hartikainen, Jarmo"]
[Black "Castella Garcia, Fausto"]
[WhiteFideId "503134"]
[BlackFideId "3501922"]
[WhiteElo "2087"]
[BlackElo "2438"]
[Result "0-1"]
[Round "7"]
[TimeControl "180+2"]
[Date "2023.07.25"]
[WhiteClock "0:00:03"]
[BlackClock "0:00:32"]
[Board "210"]

1. e4 c5 2. c3 d5 3. exd5 Qxd5 4. d4 Nc6 5. Nf3 Bg4 6. Be2 cxd4 7. cxd4 e6 8. Nc3 Qa5 9. O-O Nf6 10. Be3 Be7 11. a3 O-O 12. b4 Qd8 13. Rc1 Nd5 14. Ne4 Bf5 15. Nc5 Nxe3 16. fxe3 Bxc5 17. Rxc5 Rc8 18. Bd3 Bxd3 19. Qxd3 a5 20. b5 Ne7 21. Rfc1 Rxc5 22. Rxc5 Nf5 23. e4 Ne7 24. Qc3 Ng6 25. Rc7 Nf4 26. Kf2 g5 27. g3 Nh3+ 28. Kg2 g4 29. Ne5 h5 30. Nd7 Qg5 31. d5 e5 32. Nxe5 Qf6 33. Nd7 Qf2+ 34. Kh1 Qf1# 0-1


[Site "https://www.chess.com"]

[Event "Titled Tuesday Blitz July 25 Early 2023"]
[White "Vafin, Ayrat"]
[Black "Floresvillar Gonzalez, Luis Migu"]
[WhiteFideId "4146530"]
[BlackFideId "5100542"]
[WhiteElo "2338"]
[BlackElo "2084"]
[Result "1-0"]
[Round "7"]
[TimeControl "180+2"]
[Date "2023.07.25"]
[WhiteClock "0:00:13"]
[BlackClock "0:00:00"]
[Board "211"]

1. d4 d5 2. Bf4 c6 3. e3 Qb6 4. Qc1 Bf5 5. Nd2 e6 6. c3 Nf6 7. h3 Be7 8. Ngf3 Nbd7 9. Be2 h6 10. O-O O-O 11. Re1 a5 12. a3 Rfc8 13. Nh4 Bh7 14. Nhf3 c5 15. dxc5 Nxc5 16. Ne5 Nfe4 17. Nxe4 Bxe4 18. Bh5 g6 19. Bf3 Bxf3 20. gxf3 Nb3 21. Qb1 Nxa1 22. Bxh6 Bf8 23. Bxf8 Rxf8 24. Nd7 Qd8 25. Nxf8 Nb3 26. Nxg6 Qg5+ 27. Kh2 fxg6 28. Rg1 Nd2 29. Qd1 Nxf3+ 30. Qxf3 Qf5 31. Qxf5 exf5 32. Rxg6+ Kf7 33. Rb6 Ra7 34. Rb5 Ke6 35. Kg3 Ke5 36. Kf3 1-0


[Site "https://www.chess.com"]

[Event "Titled Tuesday Blitz July 25 Early 2023"]
[White "Viskelis, Darius"]
[Black "Maluco_do_Natal_00"]
[WhiteFideId "12800830"]
[WhiteElo "2317"]
[BlackElo "2030"]
[Result "1-0"]
[Round "7"]
[TimeControl "180+2"]
[Date "2023.07.25"]
[WhiteClock "0:01:07"]
[BlackClock "0:00:00"]
[Board "212"]

1. e4 c5 2. d4 cxd4 3. c3 dxc3 4. Bc4 e6 5. Nf3 Nc6 6. O-O d6 7. Nxc3 a6 8. Qe2 b5 9. Bb3 Ra7 10. a4 b4 11. Nd5 exd5 12. exd5+ Re7 13. Qc2 Na5 14. Nd4 Nf6 15. Bg5 Re5 16. f4 Re3 17. Rae1 Rxe1 18. Rxe1+ Be7 19. Bxf6 gxf6 20. Nc6 Nxc6 21. dxc6 Qb6+ 22. Kh1 Kf8 23. Qe4 Qc7 24. f5 Rg8 25. Bd5 a5 26. g4 h5 27. h3 hxg4 28. hxg4 Rh8+ 29. Kg2 Rg8 30. Rc1 Rg5 31. Kf3 Rg7 32. Bb3 Rg5 33. Qd5 Rg7 34. Rh1 1-0


[Site "https://www.chess.com"]

[Event "Titled Tuesday Blitz July 25 Early 2023"]
[White "Dubov, Daniil"]
[Black "Vachier-Lagrave, Maxime"]
[WhiteFideId "24126055"]
[BlackFideId "623539"]
[WhiteElo "3117"]
[BlackElo "3141"]
[Result "0-1"]
[Round "8"]
[TimeControl "180+2"]
[Date "2023.07.25"]
[WhiteClock "0:00:00"]
[BlackClock "0:00:45"]
[Board "1"]

1. Nf3 Nf6 2. g3 g6 3. Bg2 Bg7 4. O-O O-O 5. d4 d5 6. c4 c6 7. cxd5 cxd5 8. Ne5 Nc6 9. Nc3 Bf5 10. Bf4 Nh5 11. Bg5 h6 12. Bc1 Nf6 13. Bf4 Rc8 14. Rc1 e6 15. Qd2 g5 16. Nxc6 Rxc6 17. Be5 Qa5 18. h3 Rfc8 19. g4 Bg6 20. f4 gxf4 21. Qxf4 Ne4 22. Bxe4 dxe4 23. Bxg7 Kxg7 24. h4 Qc7 25. Qxc7 R8xc7 26. Kf2 b5 27. a3 a5 28. Ke3 b4 29. axb4 axb4 30. Na2 Rc2 31. Rxc2 Rxc2 32. Rb1 b3 33. Nb4 Rc4 34. Na6 h5 35. gxh5 Bxh5 36. Nc5 Rc2 37. Kxe4 Bg6+ 38. Kf3 Rxc5 0-1


[Site "https://www.chess.com"]

[Event "Titled Tuesday Blitz July 25 Early 2023"]
[White "So, Wesley"]
[Black "Bluebaum, Matthias"]
[WhiteFideId "5202213"]
[BlackFideId "24651516"]
[WhiteElo "3102"]
[BlackElo "3064"]
[Result "1-0"]
[Round "8"]
[TimeControl "180+2"]
[Date "2023.07.25"]
[WhiteClock "0:00:02"]
[BlackClock "0:00:00"]
[Board "2"]

1. Nf3 d5 2. d4 e6 3. c4 Nf6 4. Nc3 Bb4 5. e3 O-O 6. Bd2 Nbd7 7. a3 Be7 8. Rc1 dxc4 9. Bxc4 b6 10. O-O Bb7 11. Qb3 Bxf3 12. gxf3 c5 13. Ne2 cxd4 14. Nxd4 Ne5 15. Be2 Bc5 16. Bc3 Ng6 17. f4 Bxd4 18. Rfd1 Nd5 19. Rxd4 Qh4 20. Bd2 Qh3 21. Bf1 Qg4+ 22. Kh1 Nh4 23. h3 Qf3+ 24. Kg1 Qh5 25. Kh1 Qf3+ 26. Kg1 Qh5 27. Rd3 Rad8 28. Qd1 Qg6+ 29. Kh2 Qe4 30. Rd4 Qg6 31. Rd3 Qe4 32. Qg4 Nf3+ 33. Kg3 Nxd2 34. Rxd2 Nf6 35. Qe2 Qg6+ 36. Kh2 h6 37. Bg2 Qf5 38. Rc7 e5 39. Rxd8 Rxd8 40. Qc2 Qxc2 41. Rxc2 exf4 42. exf4 g6 43. Rc7 Rd7 44. Rc2 Kg7 45. Bf3 Rd4 46. Kg3 Rd7 47. Kg2 Ng8 48. b4 h5 49. f5 Nf6 50. fxg6 Kxg6 51. Rc6 Kf5 52. a4 Ke5 53. a5 bxa5 54. Rc5+ Kf4 55. Rxa5 h4 56. b5 Rc7 57. Ra4+ Kg5 58. Bc6 Kg6 59. Rxh4 a6 60. Ra4 axb5 61. Bxb5 Rc5 62. Bd3+ Kg7 63. h4 Rd5 64. Be2 Re5 65. Bf3 Rf5 66. Kg3 Rc5 67. Rd4 Ra5 68. Rb4 Rc5 69. Rb7 Ra5 70. Bd1 Kg6 71. Bc2+ Kg7 72. Bb3 Ne4+ 73. Kf3 Nd6 74. Rb6 Nf5 75. Rb4 Ra3 76. Kg2 Nxh4+ 77. Kf1 Ng6 78. Rb7 Ne5 79. f4 Ng6 80. Rxf7+ Kh6 81. Bd5 Nh4 82. Kf2 Ra4 83. Ke3 Ng6 84. Be4 Nxf4 85. Kxf4 Ra7 86. Rh7+ 1-0


[Site "https://www.chess.com"]

[Event "Titled Tuesday Blitz July 25 Early 2023"]
[White "ChessBrah"]
[Black "Giri, Anish"]
[BlackFideId "24116068"]
[WhiteElo "2938"]
[BlackElo "3068"]
[Result "1-0"]
[Round "8"]
[TimeControl "180+2"]
[Date "2023.07.25"]
[WhiteClock "0:00:10"]
[BlackClock "0:00:09"]
[Board "3"]

1. Nf3 d5 2. d4 Nf6 3. c4 c6 4. e3 Bf5 5. Nc3 e6 6. Nh4 Be4 7. f3 Bg6 8. Qb3 Qc7 9. Nxg6 hxg6 10. Bd2 Be7 11. O-O-O dxc4 12. Bxc4 b5 13. Be2 a6 14. e4 c5 15. dxc5 Nbd7 16. Kb1 Nxc5 17. Qc2 Rc8 18. g3 O-O 19. Rc1 Qb7 20. Be3 b4 21. Na4 Ncxe4 22. Qd3 Nd6 23. Qxa6 Qxa6 24. Bxa6 Ra8 25. Rc6 Nd5 26. Bf2 Nf5 27. Nc5 Rfd8 28. Ne4 Bf8 29. Bc4 Nde3 30. Bb3 Nd4 31. Rcc1 Nxb3 32. axb3 Nd5 33. Rhd1 Ra6 34. Rc4 Rda8 35. Kc2 f6 36. f4 Kf7 37. h4 Be7 38. Bc5 Rd8 39. Bf2 Rd7 40. Rd2 Ra8 41. Kd1 Rad8 42. Ke1 Ra8 43. Ke2 Rad8 44. Kf3 Ra8 45. Rdc2 Ra1 46. Rd2 Rc1 47. Rxc1 1-0


[Site "https://www.chess.com"]

[Event "Titled Tuesday Blitz July 25 Early 2023"]
[White "Tari, Aryan"]
[Black "Sarana, Alexey"]
[WhiteFideId "1510045"]
[BlackFideId "24133795"]
[WhiteElo "2923"]
[BlackElo "3059"]
[Result "1-0"]
[Round "8"]
[TimeControl "180+2"]
[Date "2023.07.25"]
[WhiteClock "0:01:06"]
[BlackClock "0:00:01"]
[Board "4"]

1. e4 e5 2. Nf3 Nc6 3. d4 exd4 4. Nxd4 Nf6 5. Nxc6 bxc6 6. Nd2 g6 7. b3 Bg7 8. Bb2 O-O 9. Bd3 d5 10. exd5 Re8+ 11. Be2 Bg4 12. Nf3 Bxf3 13. gxf3 Nxd5 14. Bxg7 Kxg7 15. Qd4+ Qf6 16. Qxf6+ Kxf6 17. Kd2 Rad8 18. Bd3 Nf4 19. Rae1 Kg5 20. Rhg1+ Kh5 21. Rxe8 Rxe8 22. Rg4 g5 23. h4 h6 24. hxg5 hxg5 25. Rg1 Nxd3 26. Kxd3 Re5 27. Rg4 Rd5+ 28. Ke2 Kh6 29. Rc4 Rd6 30. Ra4 Re6+ 31. Kf1 Rf6 32. Kg2 Rd6 33. Rxa7 Rd2 34. c4 Rd7 35. a4 f5 36. a5 g4 37. fxg4 fxg4 38. Rb7 Kg5 39. a6 Rd2 40. Rxc7 Ra2 41. Rxc6 Kf4 42. Rf6+ Ke5 43. Rg6 Ra3 44. b4 Ra4 45. b5 Kf4 46. b6 Rxa6 47. b7 1-0


[Site "https://www.chess.com"]

[Event "Titled Tuesday Blitz July 25 Early 2023"]
[White "Iturrizaga Bonelli, Eduardo"]
[Black "Bortnyk, Olexandr"]
[WhiteFideId "3901211"]
[BlackFideId "14120828"]
[WhiteElo "2915"]
[BlackElo "3052"]
[Result "1-0"]
[Round "8"]
[TimeControl "180+2"]
[Date "2023.07.25"]
[WhiteClock "0:00:03"]
[BlackClock "0:00:00"]
[Board "5"]

1. c4 b6 2. Nc3 Bb7 3. e4 e5 4. Nf3 Nc6 5. Bd3 g5 6. h3 h5 7. Nd5 Bg7 8. Ne3 Nh6 9. g4 hxg4 10. hxg4 d6 11. b3 Qd7 12. Nxg5 O-O-O 13. Bb2 Nb4 14. Bb1 Nf5 15. Rxh8 Rxh8 16. gxf5 Qe7 17. Qg4 Rh1+ 18. Ke2 Bf6 19. Nf3 Qf8 20. a3 Nc6 21. Bd3 Rh8 22. Rg1 Kb8 23. Nd5 Bd8 24. b4 a5 25. b5 Ne7 26. Qg7 Nxd5 27. cxd5 Qe8 28. a4 Bc8 29. Bc2 Bd7 30. Bd3 Be7 31. Nxe5 dxe5 32. Qxe5 f6 33. Qg3 Qd8 34. Qg7 Re8 35. Kd1 Rf8 36. Rg6 Be8 37. Rh6 Rg8 38. Qh7 Rg1+ 39. Kc2 Qd6 40. Qh8 Qc5+ 41. Bc3 Qa3 42. Qxe8+ Ka7 43. Bc4 Qxa4+ 44. Kd3 Qd1 45. Qxe7 Qf1+ 46. Ke3 Qxc4 47. d6 Re1+ 48. Kf3 Qd3+ 49. Kg2 Qf1+ 50. Kg3 Qd3+ 51. Kh2 1-0


[Site "https://www.chess.com"]

[Event "Titled Tuesday Blitz July 25 Early 2023"]
[White "Gholami Orimi, Mahdi"]
[Black "Duda, Jan-Krzysztof"]
[WhiteFideId "12558486"]
[BlackFideId "1170546"]
[WhiteElo "2912"]
[BlackElo "3007"]
[Result "0-1"]
[Round "8"]
[TimeControl "180+2"]
[Date "2023.07.25"]
[WhiteClock "0:00:02"]
[BlackClock "0:00:05"]
[Board "6"]

1. d4 Nf6 2. c4 g6 3. Nc3 Bg7 4. g3 O-O 5. Bg2 d6 6. Nf3 Nbd7 7. O-O e5 8. e4 c6 9. h3 Re8 10. Be3 exd4 11. Nxd4 Nc5 12. Qc2 Qe7 13. Rfe1 a5 14. Rad1 a4 15. Bf4 Nfd7 16. Qe2 h5 17. Bc1 Nb6 18. f4 Be6 19. Nxe6 Qxe6 20. Bf1 Bxc3 21. bxc3 Nxe4 22. Qg2 Nd7 23. g4 hxg4 24. hxg4 Ndf6 25. g5 Nh5 26. Rd4 d5 27. cxd5 cxd5 28. c4 Qb6 29. Be3 Nxf4 30. Qf3 Ne6 31. Rxd5 Qc7 32. Bg2 N4xg5 33. Bxg5 Nxg5 34. Rxe8+ Rxe8 35. Rxg5 Qxc4 36. Qd5 Qc1+ 37. Kh2 Qf4+ 38. Rg3 Re2 39. Qxb7 Rxa2 40. Qc8+ Kg7 41. Qc3+ Kh7 42. Qf3 Qc7 43. Kg1 Ra1+ 44. Kh2 Rc1 45. Qf6 Rc2 46. Kh3 Rc5 47. Be4 Rh5+ 48. Kg2 Rh6 49. Rf3 Kg8 50. Bd5 Kh7 51. Qxf7+ Qxf7 52. Rxf7+ Kh8 53. Ra7 Rh4 54. Be4 Rxe4 55. Kf3 Rb4 56. Kg3 g5 57. Ra5 g4 58. Ra7 Kg8 59. Kh4 Kf8 60. Kg3 Ke8 61. Kh4 Kd8 62. Kg3 Kc8 63. Kh4 Kb8 64. Ra5 Kb7 65. Kg3 Re4 66. Rb5+ Ka6 67. Rb8 Ka5 68. Kh4 a3 69. Ra8+ Kb4 70. Rb8+ Kc3 71. Ra8 Kb3 72. Rb8+ Rb4 73. Re8 a2 74. Re3+ Ka4 75. Re8 Ka3 76. Re3+ Rb3 77. Re1 g3 78. Kh3 Rc3 79. Kg2 Kb2 80. Re2+ Rc2 0-1


[Site "https://www.chess.com"]

[Event "Titled Tuesday Blitz July 25 Early 2023"]
[White "Kramnik, Vladimir"]
[Black "Sychev, Klementy"]
[WhiteFideId "4101588"]
[BlackFideId "4114060"]
[WhiteElo "2997"]
[BlackElo "2858"]
[Result "1-0"]
[Round "8"]
[TimeControl "180+2"]
[Date "2023.07.25"]
[WhiteClock "0:00:12"]
[BlackClock "0:00:00"]
[Board "7"]

1. e4 e5 2. Nf3 Nc6 3. Bb5 a6 4. Ba4 f5 5. d3 fxe4 6. dxe4 Nf6 7. O-O d6 8. Qd3 Be7 9. Bb3 Na5 10. Ng5 Nxb3 11. Qxb3 Rf8 12. Nc3 h6 13. Nf3 Nh5 14. Nd5 Qd7 15. Rd1 Bd8 16. c4 c6 17. Ne3 Rxf3 18. gxf3 Qh3 19. Nf5 Bxf5 20. exf5 Bg5 21. Qxb7 Bf4 22. Bxf4 Nxf4 23. Qxg7 Ra7 24. Qg8+ Ke7 25. f6+ Kd7 26. f7 Ra8 27. Qg4+ Qxg4+ 28. fxg4 Ke7 29. f3 c5 30. Kf2 Rd8 31. Rd2 Ne6 32. h4 Kxf7 33. Rg1 Nd4 34. g5 1-0


[Site "https://www.chess.com"]